 Dungeon Crawl Stone Soup version 0.30.0-5-g1a98f26d00 (webtiles) character file.

Game seed: 5346179836558148483

23628 olmar the Bludgeoner (level 13, -3/86 HPs)
             Began as a Gargoyle Fighter on May 8, 2023.
             Was a High Priest of Okawaru.
             Killed from afar by a deep elf knight (27 damage)
             ... with a shard of ice
             ... on level 13 of the Dungeon.
             The game lasted 00:20:17 (12319 turns).

olmar the Bludgeoner (Gargoyle Fighter)            Turns: 12319, Time: 00:20:18

Health: -3/86      AC: 22    Str: 33    XL:     13   Next: 7%
Magic:  14/14      EV: 10    Int: 10    God:    Okawaru [*****.]
Gold:   583        SH:  8    Dex:  9    Spells: 12/12 levels left

rFire   . . .        I - +3 morningstar
rCold   . . .        J - +0 kite shield
rNeg    + . .        P - +0 acid dragon scales
rPois   ∞            F - +1 helmet "Nyetojef" {Str+3}
rElec   +            t - +0 cloak
rCorr   +            (no gloves)
SInv    .            (no boots)
Will    +....        N - amulet of regeneration
Stlth   ++           a - +6 ring of strength
HPRegen 1.14/turn    G - ring of willpower
MPRegen 0.14/turn

%: no passive effects
@: flying, unable to drink
A: sickness immunity, AC +9, negative energy resistance 1, electricity
resistance, torment resistance 1, petrification resistance, teleportitis 1,
inability to drink after injury 1
a: Renounce Religion, Heroism, Finesse, Duel


You were on level 13 of the Dungeon.
You worshipped Okawaru.
Okawaru was extremely pleased with you.
You visited 1 branch of the dungeon, and saw 13 of its levels.

You collected 792 gold pieces.
You spent 209 gold pieces at shops.

Inventory:

Hand Weapons
 D - a +2 whip of venom
 I - a +3 morningstar (weapon)
 R - the +4 great mace of Katzochi {drain, rElec Int+3 Stlth+}
   (Okawaru gifted it to you on level 11 of the Dungeon)

   Int:       It affects your intelligence (+3).
   rElec:     It insulates you from electricity.
   Stlth:     It makes you more stealthy.
Missiles
 m - 42 poisoned darts
 u - 3 throwing nets
Armour
 c - a +0 buckler
 e - a +0 plate armour
 t - a +0 cloak (worn)
 E - a +2 ring mail of fire resistance
 F - the +1 helmet "Nyetojef" (worn) {Str+3}
   (You bought it in a shop on level 6 of the Dungeon)

   Str:       It affects your strength (+3).
 J - a +0 kite shield (worn)
 P - +0 acid dragon scales (worn)
Jewellery
 a - a +6 ring of strength (left hand)
 A - a +6 ring of dexterity
 G - a ring of willpower (right hand)
 N - an amulet of regeneration (around neck)
Wands
 l - a wand of light (8)
 H - a wand of mindburst (8) (quivered)
Scrolls
 b - 4 scrolls of identify
 f - 4 scrolls of vulnerability
 g - 3 scrolls of silence
 i - 2 scrolls of fear
 j - 3 scrolls of noise {unknown}
 k - a scroll of blinking
 p - 3 scrolls of immolation {unknown}
 q - 2 scrolls of torment {unknown}
 r - a scroll of summoning
 s - 3 scrolls of poison {unknown}
 x - 3 scrolls of enchant armour {unknown}
 y - 2 scrolls of fog {unknown}
 B - a scroll of teleportation {unknown}
 Q - 3 scrolls of amnesia {unknown}
Potions
 d - 3 potions of might
 h - 5 potions of lignification
 n - 2 potions of brilliance
 o - 4 potions of degeneration {unknown}
 v - a potion of invisibility {unknown}
 w - 3 potions of mutation {unknown}
 z - 2 potions of flight
 C - 2 potions of haste {unknown}
 K - a potion of curing
 L - a potion of cancellation
 M - a potion of experience {unknown}
 O - a potion of resistance {unknown}
 S - a potion of attraction {unknown}
 T - a potion of ambrosia


   Skills:
 + Level 12.2 Fighting
 + Level 15.4 Maces & Flails
 + Level 10.9 Armour
 - Level 0.4 Dodging
 + Level 4.4 Stealth
 + Level 3.9 Shields
 + Level 2.5 Invocations


You had 12 spell levels left.
You didn't know any spells.
Your spell library contained the following spells:

 Spells                   Type           Power      Damage    Failure   Level
 Kiss of Death            Conj/Necr      0%         2d5       61%         1
 Magic Dart               Conj           0%         1d3       61%         1
 Blink                    Tloc           0%         N/A       75%         2
 Lesser Beckoning         Tloc           0%         N/A       75%         2
 Momentum Strike          Conj/Tloc      0%         3d8       75%         2
 Searing Ray              Conj           0%         2d4       75%         2
 Wereblood                Tmut           0%         N/A       75%         2
 Confusing Touch          Hex            0%         N/A       93%         3
 Mephitic Cloud           Conj/Pois/Air  0%         N/A       93%         3
 Volatile Blastmotes      Fire/Tloc      0%         2d10      93%         3
 Dispel Undead            Necr           0%         3d6       100%        4
 Fulminant Prism          Conj/Hex       0%         3d5       100%        4
 Iskenderun's Mystic Bla  Conj/Tloc      0%         2d3       100%        4
 Alistair's Intoxication  Tmut/Pois      0%         N/A       100%        5
 Borgnjor's Vile Clutch   Necr/Erth      0%         N/A       100%        5
 Lee's Rapid Deconstruct  Erth           0%         3d4*      100%        5
 Eringya's Noxious Bog    Tmut/Pois      0%         N/A       100%        6
 Call Imp                 Summ           Unusable   N/A       N/A         2
 Sublimation of Blood     Necr           Unusable   N/A       N/A         2
 Summon Hydra             Summ           Unusable   N/A       N/A         7

Dungeon Overview and Level Annotations

Branches:
Dungeon (13/15)            Temple (0/1) D:6            Lair (0/5) D:11
    Orc (0/2) D:12
 Vaults: D:13-14

Altars:
Nemelex Xobeh
Okawaru
Qazlal
Wu Jian
Xom

Shops:
D:3 (=*=   D:6 *!([=   D:7 (   D:8 *

Annotations:
D:3 1 runed translucent door, Crazy Yiuf


Innate Abilities, Weirdness & Mutations

You are immune to sickness and miasma.
Your stone body is resilient. (AC +9)
You are immune to poison.
You resist negative energy. (rN+)
You are resistant to electric shocks. (rElec)
You are resistant to unholy torment.
You are immune to petrification.
You are occasionally teleported next to monsters.
You occasionally lose the ability to drink potions when taking damage.


Message History

The deep elf knight is severely wounded.
The deep elf knight gestures at you while chanting.
The shard of ice hits you but does no damage.
Unknown command.
You miss the deep elf knight.
The deep elf knight is severely wounded.
You block the deep elf knight's attack.
You hit the deep elf knight.
The deep elf knight is severely wounded.
The deep elf knight completely misses you.
Unknown command.
Unknown command.
You miss the deep elf knight.
The deep elf knight is severely wounded.
The deep elf knight hits you with a +0 short sword!
The ogre barely misses you.
The deep elf knight casts a spell at you.
The shard of ice hits you!!!
You are too injured to fight recklessly!
Unknown command.
You are too injured to fight recklessly!
Unknown command.
Unknown command.
You are too injured to fight recklessly!
It was a potion of cancellation.
You feel magically purged. The deep elf knight barely misses you.
It was a potion of flight.
You feel very buoyant.
You fly up into the air.
The deep elf knight hits you with a +0 short sword!
You feel threatened and lose the ability to drink potions!
* * * LOW HITPOINT WARNING * * *
The ogre closely misses you.
The deep elf knight hits you but does no damage.
Blink to where?
Press: ? - help, Dir - move target
As you read the scroll of blinking, it crumbles to dust.
The deep elf knight points at you and mumbles some strange words.
The shard of ice hits you!!
You die...

#...## . #.### e
#####'##### #
#.....)...############ #
#.........'..##......# .
##.......Oe##..#..)..)#####
.'.......§.###.#......)..).
..#.........#
#.+.....O..§). .
#........@# ###......#####
#.........# ######## .
#####+##### ## # O . # #
#.######## .......cc###


You could see a deep elf knight (fast) and an ogre.

Vanquished Creatures
  Gastronok (D:8)
  Harold (D:11)
  A hydra (D:13)
  An ogre mage (D:13)
  A centaur warrior (D:12)
  4 two-headed ogres
  A boulder beetle (D:11)
  A sun demon (D:11)
  A deep elf zephyrmancer (D:13)
  A deep elf pyromancer (D:13)
  A manticore (D:12)
  An ugly thing (D:11)
  2 cyclopes (D:12)
  Joseph (D:8)
  A rust devil (D:11)
  A gargoyle (D:10)
  An unseen horror (D:12)
  An ice devil (D:11)
  4 trolls
  2 hellwings (D:11)
  2 hornets
  10 slime creatures
  A vampire (D:12)
  2 ynoxinuls (D:11)
  Sigmund (D:6)
  12 yaks
  2 shadows
  2 wraiths
  2 wyverns
  A neqoxec (D:11)
  A vampire mosquito (D:13)
  2 steam dragons (D:10)
  2 wargs (D:11)
  3 chaos spawn (D:11)
  Duvessa (D:6)
  3 acid dragons
  4 water moccasins
  A sky beast (D:6)
  6 orc warriors
  2 ice beasts
  5 ogres
  10 centaurs
  2 phantoms
  4 kobold brigands
  4 bullfrogs
  3 gnoll sergeants
  2 scorpions
  3 wights (D:7)
  Dowan (D:6)
  2 howler monkeys
  5 quasits (D:11)
  A jelly (D:5)
  2 gnoll boudas
  4 hounds (D:5)
  6 orc priests
  A sleepcap (D:4)
  Natasha (thrice) (D:2)
  2 iguanas
  7 orc wizards
  Robin (D:2)
  15 gnolls
  6 adders
  7 white imps
  2 ufetubi
  2 worms (D:2)
  2 dart slugs
  14 orcs
  5 ball pythons
  5 bats
  2 endoplasms (D:2)
  6 giant cockroaches
  13 goblins
  5 hobgoblins
  17 jackals
  27 kobolds
  3 quokkas
  2 rats
289 creatures vanquished.

Vanquished Creatures (others)
  An orc (D:11)
1 creature vanquished.

Grand Total: 290 creatures vanquished

Notes
Turn   | Place    | Note
-------+----------+-------------------------------------------
     0 | D:1      | olmar the Gargoyle Fighter began the quest for the Orb.
     0 | D:1      | Reached XP level 1. HP: 14/14 MP: 1/1
   123 | D:1      | Reached XP level 2. HP: 19/19 MP: 2/2
   611 | D:1      | Reached XP level 3. HP: 23/23 MP: 3/3
   998 | D:2      | Reached skill level 3 in Maces & Flails
  1013 | D:2      | Noticed Robin
  1047 | D:2      | Killed Robin
  1048 | D:2      | Reached XP level 4. HP: 17/29 MP: 4/4
  1231 | D:2      | Noticed Natasha
  1238 | D:2      | Killed Natasha
  1265 | D:2      | Noticed Natasha
  1275 | D:2      | Killed Natasha
  1276 | D:2      | Reached skill level 1 in Stealth
  1276 | D:2      | Reached XP level 5. HP: 9/33 MP: 5/5
  1631 | D:2      | Noticed Natasha
  1647 | D:2      | Killed Natasha
  1774 | D:3      | Found an iron altar of Okawaru.
  1802 | D:3      | Became a worshipper of Warmaster Okawaru
  1845 | D:3      | Found Nuachome's Jewellery Shop.
  1890 | D:3      | Found a faded altar of an unknown god.
  1969 | D:3      | Found Vymub's Jewellery Emporium.
  1974 | D:3      | Found Bysid's Antique Weapon Boutique.
  2119 | D:3      | Found Osumojafi's Assorted Antiques.
  2280 | D:3      | Found a runed translucent door.
  2281 | D:3      | Noticed Crazy Yiuf
  2756 | D:4      | Reached skill level 4 in Maces & Flails
  2868 | D:4      | Reached XP level 6. HP: 32/38 MP: 6/6
  3316 | D:5      | Entered Level 5 of the Dungeon
  3550 | D:5      | Found an ornate altar of the Wu Jian Council.
  3605 | D:5      | Reached skill level 5 in Maces & Flails
  3610 | D:5      | Reached XP level 7. HP: 44/44 MP: 7/7
  3690 | D:5      | Reached * piety under Okawaru
  3946 | D:5      | Noticed a shadow
  3972 | D:5      | Killed a shadow
  3973 | D:5      | Reached skill level 5 in Fighting
  3973 | D:5      | Reached skill level 6 in Maces & Flails
  3973 | D:5      | Reached skill level 5 in Armour
  4515 | D:6      | Noticed a yak
  4516 | D:6      | Noticed Sigmund
  4517 | D:6      | Noticed a yak
  4519 | D:6      | Noticed a yak
  4557 | D:6      | Noticed a yak
  4692 | D:6      | Killed a yak
  4692 | D:6      | Reached ** piety under Okawaru
  4693 | D:6      | Reached XP level 8. HP: 40/51 MP: 5/8
  4697 | D:6      | Killed a yak
  4701 | D:6      | Reached skill level 7 in Maces & Flails
  4909 | D:6      | Found a staircase to the Ecumenical Temple.
  5197 | D:6      | Killed a yak
  5212 | D:6      | Killed a yak
  5379 | D:6      | Killed Sigmund
  5380 | D:6      | Reached XP level 9. HP: 56/56 MP: 7/9
  5406 | D:6      | Noticed Dowan
  5407 | D:6      | Noticed Duvessa
  5416 | D:6      | Killed Dowan
  5434 | D:6      | Killed Duvessa
  5435 | D:6      | Reached skill level 8 in Maces & Flails
  5459 | D:6      | Found Gunan's Distillery.
  5463 | D:6      | Found Fuonnang's Overcharged Wands.
  5598 | D:6      | Found Ykhixt's Antique Armour Boutique.
  5598 | D:6      | Found Ykkil's Antique Weapon Shoppe.
  5600 | D:6      | Found Ditipan's Jewellery Emporium.
  5606 | D:6      | Bought a twisted helmet for 209 gold pieces
  5606 | D:6      | Identified the +1 helmet "Nyetojef" {Str+3} (You bought it
                  | in a shop on level 6 of the Dungeon)
  5946 | D:7      | Reached *** piety under Okawaru
  6354 | D:7      | Reached skill level 9 in Maces & Flails
  6381 | D:7      | Reached skill level 1 in Invocations
  6521 | D:7      | Reached XP level 10. HP: 64/64 MP: 10/10
  6804 | D:7      | Found Cushroewu's Weapon Emporium.
  7150 | D:8      | Noticed Joseph
  7164 | D:8      | Killed Joseph
  7165 | D:8      | Reached skill level 10 in Maces & Flails
  7278 | D:8      | Reached **** piety under Okawaru
  7379 | D:8      | Found Fubb's Changing Room.
  7675 | D:8      | Noticed Gastronok
  7688 | D:8      | Killed Gastronok
  7689 | D:8      | Reached skill level 11 in Maces & Flails
  8340 | D:9      | Reached ***** piety under Okawaru
  8421 | D:9      | Found a shimmering altar of Xom.
  8570 | D:9      | Reached XP level 11. HP: 48/71 MP: 11/11
  8572 | D:9      | Reached skill level 10 in Armour
  9081 | D:10     | Entered Level 10 of the Dungeon
  9092 | D:10     | Found a sparkling altar of Nemelex Xobeh.
  9126 | D:10     | Noticed a two-headed ogre
  9140 | D:10     | Killed a two-headed ogre
  9324 | D:10     | Reached skill level 12 in Maces & Flails
  9518 | D:10     | Found a stormy altar of Qazlal.
  9943 | D:11     | Identified the +4 great mace of Katzochi {drain, rElec
                  | Int+3 Stlth+} (Okawaru gifted it to you on level 11 of the
                  | Dungeon)
  9943 | D:11     | Received a gift from Okawaru
 10013 | D:11     | Noticed a boulder beetle
 10274 | D:11     | Found a staircase to the Lair.
 10275 | D:11     | Noticed Harold
 10291 | D:11     | Killed Harold
 10292 | D:11     | Reached skill level 10 in Fighting
 10302 | D:11     | Reached skill level 13 in Maces & Flails
 10532 | D:11     | Received a gift from Okawaru
 10800 | D:11     | Noticed a sun demon
 10800 | D:11     | Noticed a purple ugly thing
 10817 | D:11     | Killed a sun demon
 10818 | D:11     | Reached XP level 12. HP: 42/79 MP: 11/13
 10831 | D:11     | Gained mutation: You are occasionally teleported next to
                  | monsters. [a neqoxec]
 10834 | D:11     | Gained mutation: You occasionally lose the ability to drink
                  | potions when taking damage. [a neqoxec]
 11011 | D:11     | Killed a boulder beetle
 11208 | D:12     | Noticed a two-headed ogre
 11215 | D:12     | Noticed a two-headed ogre
 11219 | D:12     | Killed a two-headed ogre
 11220 | D:12     | Reached skill level 14 in Maces & Flails
 11232 | D:12     | Killed a two-headed ogre
 11405 | D:12     | Noticed a two-headed ogre
 11721 | D:12     | Found a staircase to the Orcish Mines.
 11775 | D:12     | Killed a two-headed ogre
 11812 | D:13     | Noticed a centaur warrior
 11814 | D:13     | Noticed an eight-headed hydra
 11826 | D:12     | Killed a centaur warrior
 11851 | D:13     | Killed an eight-headed hydra
 11851 | D:13     | Identified the +0 dire flail "Giant's Curse" {antimagic,
                  | rPois Dex+2} (Okawaru gifted it to you on level 13 of the
                  | Dungeon)
 11851 | D:13     | Received a gift from Okawaru
 11854 | D:13     | Noticed a boulder beetle
 11895 | D:13     | Reached skill level 15 in Maces & Flails
 12181 | D:13     | Noticed an ogre mage
 12232 | D:13     | Killed an ogre mage
 12233 | D:13     | Reached XP level 13. HP: 68/86 MP: 11/14
 12319 | D:13     | Killed from afar by a deep elf knight

Illustrated notes

Levels and vault maps discovered:
D:1:      minmay_arrival_diagonal_passages, layout_loops_cross
D:2:      minmay_spotlight, layout_basic, amethyst_killhole, uniq_robin,
          uniq_natasha
D:3:      layout_basic, mainiacjoe_overflow_concentric_impassable,
          shapermc_ecumenical_altar_starsandcircs, serial_shops, shop,
          shop_coins, nicolae_shop_waterfront, nicolae_shop_waterfront,
          dreamdust_princess_bridge, corexii_item_surrounded_by_moat,
          uniq_crazy_yiuf_cottage
D:4:      layout_cave_pods
D:5:      layout_loops_ring, lemuel_crystal_altar, kennysheep_diamond,
          chequers_serial_rivers_small_3
D:6:      layout_rooms, minmay_temple_entry_drinking_statues,
          nicolae_wooded_promenade, nicolae_shop_overcharged_wands,
          uniq_sigmund, uniq_duvessa
D:7:      layout_basic, serial_shops, shop, serial_rivers,
          chequers_serial_rivers_large_a, chequers_serial_rivers_micro_d,
          chequers_serial_rivers_micro_e, chequers_serial_rivers_large_b,
          chequers_serial_rivers_room_a, chequers_serial_rivers_small_3
D:8:      layout_basic, nicolae_two_hexagons, nicolae_transmutations_shop,
          uniq_gastronok, uniq_joseph
D:9:      layout_basic, overflow_temple_1_default
D:10:     layout_loops_ring, nicolae_qazlal_scattered_showers,
          mainiacjoe_overflow_brackets, nrook_loot_triangle, minmay_puff
D:11:     layout_gridville, erik_lair_orcish_takeover, serial_demonic,
          serial_demonic_c, serial_demonic_g, serial_demonic_c,
          serial_demonic_c, serial_demonic_a, serial_demonic_a,
          serial_demonic_f, serial_demonic_c, serial_demonic_f,
          serial_demonic_b, uniq_harold
D:12:     layout_cave_pools, orc_0_dummy
D:13:     layout_roguey, hangedman_vaults_entry_quadrant_bands, special_room
          [special_room_orc], uniq_urug

Skill      XL: |  1  2  3  4  5  6  7  8  9 10 11 12 |
---------------+-------------------------------------+-----
Maces & Flails | 3 4 5 6 7 9 11 13 15 | 15.4
Fighting       | 4 5 6 7 9 10 12 | 12.2
Armour         | 4 5 7 8 9 10 | 10.9
Stealth        | 1 2 4 |  4.4
Invocations    | 1 2 |  2.5
Dodging        | |  0.4
Shields        | |  3.9

Action                     |  1- 3 |  4- 6 |  7- 9 | 10-12 | 13-15 || total
---------------------------+-------+-------+-------+-------+-------++-------
  Melee: Flail             |   144 |   219 |   268 |       |       ||   631
         Morningstar       |       |       |    89 |   609 |    18 ||   716
  Throw: Dart              |       |       |     1 |       |       ||     1
 Invoke: Heroism           |       |       |     6 |     9 |       ||    15
  Evoke: Wand              |       |     3 |    12 |    12 |       ||    27
    Use: Scroll            |     1 |     2 |     1 |     5 |     2 ||    11
         Potion            |     1 |     1 |     7 |     2 |     2 ||    13
   Stab: Invisible         |       |       |     3 |     1 |       ||     4
         Sleeping          |       |       |       |     1 |       ||     1
 Armour: Plate armour      |   132 |   249 |   310 |   121 |       ||   812
         Scale mail        |     1 |       |       |       |       ||     1
         Skin              |    29 |     1 |       |       |       ||    30
         Acid dragon scale |       |       |       |   350 |     4 ||   354
  Dodge: Dodged            |    44 |   101 |   145 |   366 |    12 ||   668
  Block: Buckler           |    35 |    65 |   109 |    40 |       ||   249
         Kite shield       |       |       |       |   211 |     4 ||   215
